[Event "Team 45 45 League T34"]
[Site "Internet Chess Club"]
[Date "2007.08.05"]
[Round "3"]
[White "DaveTheRook"]
[Black "reijo"]
[Result "0-1"]
[WhiteElo "1636"]
[BlackElo "1617"]
[Opening "QGD Slav: exchange variation"]
[ECO "D13"]
[Time "12:47:47"]
[TimeControl "2700+45"]

1. d4 d5 2. c4 c6 3. cxd5 cxd5 4. Nf3 Nf6 5. Nc3 Nc6 6. h3 Bf5 7. Nh4 Bg6 8.
Nxg6 hxg6 9. Bf4 e6 10. e3 a6 11. Be2 Qb6 12. O-O Rc8 13. Na4 Qa7 14. Rc1 Be7
15. Nc5 Bxc5 16. Rxc5 Nd7 17. Rc3 Ke7 18. Qb3 Qb6 19. Qa3+ Qb4 20. Rfc1 Qxa3 21.
bxa3 Na7 22. Rxc8 Rxc8 23. Rxc8 Nxc8 24. Bc7 Ncb6 25. Kf1 Na4 26. Ba5 Ndb6 27.
Bd1 Nb2 28. Bb3 N6c4 29. Bb4+ Kd7 30. Ke2 a5 31. Bf8 b5 32. Bc2 g5 33. Kf3 f5
34. Bxg7 Nxa3 35. Bxf5 exf5 36. Bf6 a4 37. Bxg5 b4 38. h4 Nbc4 39. h5 b3 40.
axb3 axb3 41. h6 b2 42. h7 b1=Q 43. h8=Q Qe4+ 44. Ke2 Qg4+ 45. Kf1 Qd1# {White
checkmated} 0-1

[Event "Team 45 45 League T34"]
[Site "Internet Chess Club"]
[Date "2007.08.01"]
[Round "3"]
[White "shakkiipe"]
[Black "TIP"]
[Result "1/2-1/2"]
[WhiteElo "1573"]
[BlackElo "1539"]
[Opening "English opening"]
[ECO "A20"]
[Time "12:04:11"]
[TimeControl "2700+45"]

1. c4 e5 2. g3 c6 3. Bg2 Nf6 4. d3 Qa5+ 5. Bd2 Bb4 6. a3 Bxd2+ 7. Qxd2 Qb6 8. b4
c5 9. Nf3 d6 10. O-O O-O 11. Ne1 Be6 12. e4 Nc6 13. Nc2 a5 14. b5 Nd4 15. Nxd4
cxd4 16. a4 Nd7 17. Qc2 Nc5 18. Kh1 Qc7 19. Nd2 b6 20. f4 Bg4 21. Rf2 exf4 22.
Rxf4 Be2 23. Ra3 Qe7 24. Nf3 Bxf3 25. Rxf3 Qg5 26. Ra1 Rae8 27. Qd1 f5 28. Rxf5
Rxf5 29. exf5 Qxf5 30. Ra3 Qf2 31. Ra1 Nb3 32. Qf1 Qe3 33. Bd5+ Kh8 34. Rd1 Nd2
35. Qf5 Qe2 36. Rg1 Qe5 37. Be4 Nxe4 38. Qxe4 Qxe4+ 39. dxe4 Rxe4 40. Rd1 h6 41.
Kg2 g5 42. Kf3 Re3+ 43. Kf2 Re4 44. Kf3 Re6 45. Rxd4 Kg7 46. Re4 Rf6+ 47. Kg2
Kg6 48. Re7 Rf7 49. Re6+ Rf6 50. Re7 d5 51. cxd5 Rd6 52. Re6+ Rxe6 53. dxe6 Kf6
54. e7 Kxe7 55. Kf3 Kf6 56. Ke4 Ke6 57. g4 Kd6 58. Kd4 Ke6 59. Ke4 Kd6 60. Kd4
Ke6 61. Ke4 Kd6 62. Kd4 Ke6 63. Ke4 Kd6 {Game drawn by repetition} 1/2-1/2

[Event "Team 45 45 League T34"]
[Site "Internet Chess Club"]
[Date "2007.08.05"]
[Round "3"]
[White "oldsj"]
[Black "Fogbound"]
[Result "1-0"]
[WhiteElo "1480"]
[BlackElo "1378"]
[Opening "KP: Nimzovich defense"]
[ECO "B00"]
[Time "14:01:30"]
[TimeControl "2700+45"]

1. e4 Nc6 2. Nf3 Nf6 3. Nc3 e6 4. Bb5 a6 5. Ba4 b5 6. Bb3 Bb4 7. d3 Bxc3+ 8.
bxc3 h6 9. O-O Bb7 10. Re1 O-O 11. Bb2 Na7 12. e5 Nh7 13. c4 c5 14. cxb5 axb5
15. c3 Ng5 16. Nd2 Nh3+ 17. gxh3 f5 18. f4 Qb6 19. d4 Qc6 20. Re2 Qh1+ 21. Kf2
Qxh2+ 22. Ke1 Qg1+ 23. Nf1 Bg2 24. Rf2 Bxf1 25. Rxf1 Qg3+ 26. Kd2 Qg2+ 27. Qe2
Qxh3 28. Rh1 Qg4 29. Qxg4 fxg4 30. Ke3 Nc6 31. Rag1 cxd4+ 32. cxd4 Ne7 33. Rxg4
Nf5+ 34. Kd2 Ra7 35. a3 Rb7 36. Bc2 b4 37. axb4 Rxb4 38. Bc3 Rbb8 39. Bxf5 exf5
40. Rg3 Rb3 41. Rxh6 Rf7 42. Ra6 Rb1 43. Rh3 Rg1 44. Ra8+ Rf8 45. Rxf8+ Kxf8 46.
Rh8+ Kf7 47. d5 Rg2+ 48. Kd3 Rg3+ 49. Kc4 Rg2 50. d6 Rf2 51. Rh4 Rg2 52. Kd5 Rg4
53. Rxg4 fxg4 54. Be1 Ke8 55. Ke4 Kf7 56. Kf5 g6+ 57. Kg5 Ke6 58. Kxg6 Kd5 59.
Kg5 Ke6 60. Kxg4 Kf7 61. Bh4 Kg6 62. e6 {Black resigns} 1-0

[Event "Team 45 45 League T34"]
[Site "Internet Chess Club"]
[Date "2007.08.04"]
[Round "3"]
[White "NESKAYA"]
[Black "Jozin"]
[Result "0-1"]
[WhiteElo "1609"]
[BlackElo "1559"]
[Opening "Petrov: Cozio (Lasker) attack"]
[ECO "C42"]
[Time "09:59:23"]
[TimeControl "2700+45"]

1. e4 e5 2. Nf3 Nf6 3. Nxe5 d6 4. Nf3 Nxe4 5. Qe2 Qe7 6. d3 Nf6 7. Qxe7+ Bxe7 8.
d4 Be6 9. c4 d5 10. c5 Nc6 11. Bb5 O-O 12. Bxc6 bxc6 13. O-O Nd7 14. b4 a5 15.
bxa5 Rxa5 16. Nc3 Nf6 17. Bd2 Ra3 18. Nb1 Ra4 19. Nc3 Ra3 20. Rfb1 Ne4 21. Nxe4
dxe4 22. Ne5 Bd5 23. Rb7 f6 24. Nd7 Rfa8 25. Rb8+ Rxb8 26. Nxb8 Kf8 27. Bb4 Ra8
28. Nxc6 Bxc6 29. a3 f5 30. Rd1 Rd8 31. Kf1 Bf6 32. Bc3 Ke7 33. Ke2 Ke6 34. f3
exf3+ 35. gxf3 Kd5 36. Kd3 Bb5+ 37. Ke3 g5 38. h3 f4+ 39. Kf2 Kc4 40. Bb2 Bxd4+
41. Bxd4 Rxd4 42. Rxd4+ Kxd4 43. Ke1 Ke3 {White resigns} 0-1

[Event "Team 45 45 League T34"]
[Site "Internet Chess Club"]
[Date "2007.08.05"]
[Round "3"]
[White "Warpdrive"]
[Black "Robski"]
[Result "1-0"]
[WhiteElo "1678"]
[BlackElo "1495"]
[Opening "Sicilian"]
[ECO "B56"]
[Time "14:01:57"]
[TimeControl "2700+45"]

1. e4 c5 2. Nf3 Nc6 3. d4 cxd4 4. Nxd4 Nf6 5. Nc3 d6 6. Be3 e5 7. Nxc6 bxc6 8.
Bc4 Be6 9. Qd3 Be7 10. Rd1 O-O 11. O-O Qc7 12. f3 Rfd8 13. Bxe6 fxe6 14. b3 d5
15. Na4 c5 16. exd5 Rxd5 17. Qc4 Rad8 18. Nc3 Rxd1 19. Qxe6+ Kf8 20. Nxd1 Nd5
21. c4 Nf4 22. Qf5+ Kg8 23. Nc3 a6 24. Bxf4 exf4 25. Nd5 Qd6 26. Re1 Rf8 27.
Nxe7+ {Black resigns} 1-0

[Event "Team 45 45 League T34"]
[Site "Internet Chess Club"]
[Date "2007.08.07"]
[Round "3"]
[White "MarcoDeSade"]
[Black "ADIOKiddo4Ever"]
[Result "0-1"]
[WhiteElo "1488"]
[BlackElo "1421"]
[Opening "Scandinavian: Pytel-Wade variation"]
[ECO "B01"]
[Time "23:30:51"]
[TimeControl "2700+45"]

1. e4 d5 2. exd5 Qxd5 3. Nc3 Qd6 4. Nf3 Nf6 5. Bc4 Bf5 6. O-O e6 7. Nh4 Qf4 8.
Nxf5 Qxf5 9. d3 Bd6 10. g3 Qh3 11. Qf3 Ng4 12. Qg2 Qh5 13. Ne4 Nd7 14. h3 Ngf6
15. Bb5 Qxb5 16. c4 Qc6 17. Nxf6+ Nxf6 18. Qxc6+ bxc6 19. Bg5 Be5 20. Rab1 Rb8
21. b3 O-O 22. Rfe1 Bd4 23. Kg2 h6 24. Bd2 Rfd8 25. Rbd1 Nd7 26. Ba5 Bb6 27. Bb4
Bxf2 28. Kxf2 Rxb4 {White resigns} 0-1

[Event "Team 45 45 League T34"]
[Site "Internet Chess Club"]
[Date "2007.08.08"]
[Round "3"]
[White "Allessia"]
[Black "Nosferatu1"]
[Result "1-0"]
[WhiteElo "2230"]
[BlackElo "1833"]
[Opening "Sicilian: closed"]
[ECO "B23"]
[Time "17:03:04"]
[TimeControl "2700+45"]

1. e4 c5 2. Nc3 e6 3. g3 d6 4. Bg2 Nc6 5. d3 Nge7 6. Be3 g6 7. Qd2 Bg7 8. Bh6
O-O 9. h4 f5 10. h5 Kf7 11. hxg6+ hxg6 12. Bxg7 Kxg7 13. Qh6+ Kf7 14. exf5 exf5
15. O-O-O Be6 16. Nf3 Rh8 17. Qe3 Qd7 18. Ng5+ Kf6 19. Rde1 Bf7 20. Nh7+ Rxh7
21. Rxh7 Re8 22. Qh6 Rg8 23. Qh4+ g5 24. Qh6+ Rg6 25. Qf8 Qe8 26. Nd5+ {Black
resigns} 1-0

[Event "Team 45 45 League T34"]
[Site "Internet Chess Club"]
[Date "2007.08.03"]
[Round "3"]
[White "Duguesclin"]
[Black "primerpaso"]
[Result "1/2-1/2"]
[WhiteElo "1708"]
[BlackElo "1797"]
[Opening "Queen's pawn game"]
[ECO "E10"]
[Time "13:32:15"]
[TimeControl "2700+45"]

1. d4 Nf6 2. c4 e6 3. Nf3 c5 4. e3 d5 5. cxd5 exd5 6. Bb5+ Nc6 7. Ne5 Qc7 8. Nc3
Be6 9. Qa4 Rc8 10. O-O Bd6 11. f4 O-O 12. Bd3 a6 13. Bd2 cxd4 14. exd4 Nxd4 15.
Rac1 Qe7 16. Nxd5 Bxd5 17. Qxd4 Bc5 18. Rxc5 Qxc5 19. Qxc5 Rxc5 20. Bb4 Rfc8 21.
Bxc5 Rxc5 22. b3 Ra5 23. Rf2 Rc5 24. h3 b5 25. Rd2 g6 26. Be2 {Game drawn by
mutual agreement} 1/2-1/2

[Event "Team 45 45 League T34"]
[Site "Internet Chess Club"]
[Date "2007.08.06"]
[Round "3"]
[White "clarinetref"]
[Black "LittleBunny"]
[Result "1-0"]
[WhiteElo "1631"]
[BlackElo "1212"]
[Opening "Réti accepted"]
[ECO "A09"]
[Time "12:09:10"]
[TimeControl "2700+45"]

1. Nf3 d5 2. c4 dxc4 3. e4 Nc6 4. Bxc4 e6 5. O-O g6 6. Nc3 Bg7 7. Re1 Nge7 8.
Rb1 O-O 9. e5 a6 10. d4 b5 11. Bb3 b4 12. Ne4 Rb8 13. Bg5 f5 14. exf6 Bh8 15.
fxe7 Nxe7 16. Nc5 {Black resigns} 1-0

[Event "Team 45 45 League T34"]
[Site "Internet Chess Club"]
[Date "2007.08.04"]
[Round "3"]
[White "backfire"]
[Black "Terte"]
[Result "1/2-1/2"]
[WhiteElo "1877"]
[BlackElo "2035"]
[Opening "Modern defense"]
[ECO "A40"]
[Time "08:04:36"]
[TimeControl "2700+45"]

1. d4 g6 2. c4 Bg7 3. g3 Nf6 4. Bg2 O-O 5. Nf3 c6 6. Nc3 d5 7. cxd5 cxd5 8. O-O
Nbd7 9. Ne5 e6 10. f4 Ne8 11. Be3 Nd6 12. Bf2 f6 13. Nd3 f5 14. Ne5 Nf6 15. a4
Nfe4 16. Nxe4 fxe4 17. Rc1 Bd7 18. b3 b5 19. axb5 Bxb5 20. Re1 Qb6 21. Qd2 Rac8
22. Rc5 Nb7 23. Rxc8 Rxc8 24. e3 Bxe5 25. fxe5 Na5 26. Rc1 Rxc1+ 27. Qxc1 Bc6
28. Qa3 Kf7 29. Bh3 Bd7 30. Be1 Nc6 31. Qd6 Nb8 32. Bb4 Qxd6 33. Bxd6 Nc6 34.
Bf1 Na5 35. b4 Nc4 36. Bxc4 dxc4 37. Kf2 Bb5 38. Ke1 g5 39. Kd2 Kg6 40. Kc3 Kh5
41. h3 Kg6 42. Be7 h5 43. h4 gxh4 44. gxh4 Kf5 45. Bd8 Kg4 46. Bg5 Kf3 47. Bf4
{Game drawn by mutual agreement} 1/2-1/2

[Event "Team 45 45 League T34"]
[Site "Internet Chess Club"]
[Date "2007.08.04"]
[Round "3"]
[White "andreip"]
[Black "NoiselessBear"]
[Result "0-1"]
[WhiteElo "1974"]
[BlackElo "1814"]
[Opening "Trompowsky attack (Ruth, Opocenský opening)"]
[ECO "A45"]
[Time "14:01:40"]
[TimeControl "2700+45"]

1. d4 Nf6 2. Bg5 c6 3. e3 Qa5+ 4. Nc3 Qxg5 5. Nf3 Qa5 6. Bd3 d5 7. O-O Bg4 8. h3
Bxf3 9. Qxf3 e6 10. g4 Be7 11. Qg3 g5 12. f4 Qc7 13. Qf3 h6 14. f5 e5 15. dxe5
Qxe5 16. e4 Bd6 17. Kf2 d4 18. Ne2 Nbd7 19. Rfc1 Nc5 20. Ng3 Qxg3+ 21. Qxg3
Bxg3+ 22. Kxg3 Nxd3 23. cxd3 Nd7 24. Rc4 c5 25. b4 b5 26. Rc2 Rc8 27. Rb1 c4 28.
dxc4 {White resigns} 0-1

[Event "Team 45 45 League T34"]
[Site "Internet Chess Club"]
[Date "2007.08.02"]
[Round "3"]
[White "RingLord"]
[Black "Victorianum"]
[Result "0-1"]
[WhiteElo "1539"]
[BlackElo "1691"]
[Opening "Sicilian"]
[ECO "B50"]
[Time "15:33:26"]
[TimeControl "2700+45"]

1. e4 c5 2. Nf3 d6 3. Bd3 Nf6 4. c3 e6 5. Bc2 Nc6 6. d3 Be7 7. Be3 O-O 8. Nbd2
Qc7 9. O-O b5 10. Re1 Bb7 11. Nf1 Rac8 12. Ng3 d5 13. exd5 Nxd5 14. Ne4 Nxe3 15.
Rxe3 Rfd8 16. Qe2 Nd4 17. Nxd4 cxd4 18. Rh3 dxc3 19. bxc3 Bxe4 20. Qxe4 g6 21.
d4 b4 22. Bb3 Bf6 23. Rc1 Rxd4 24. Qe3 bxc3 25. Qh6 c2 26. Qxh7+ Kf8 27. Bxc2
Qxc2 28. Re1 Rd1 29. Re3 Rxe1+ 30. Rxe1 Qd2 31. Rf1 Rc1 32. g3 Rxf1+ 33. Kxf1
Bd4 34. Kg2 Qxf2+ 35. Kh3 Qxa2 36. Qh6+ Bg7 37. Qf4 Kg8 38. Qb8+ Bf8 39. Qd8 a5
40. Kg4 a4 41. h4 Qd5 42. Qb8 Qf5# {White checkmated} 0-1

[Event "Team 45 45 League T34"]
[Site "Internet Chess Club"]
[Date "2007.08.06"]
[Round "3"]
[White "gugamircea"]
[Black "jacknor"]
[Result "1-0"]
[WhiteElo "1598"]
[BlackElo "1561"]
[Opening "Sicilian"]
[ECO "B54"]
[Time "13:06:25"]
[TimeControl "2700+45"]

1. e4 c5 2. Nf3 d6 3. d4 cxd4 4. Nxd4 g6 5. c4 Bg7 6. Be3 Nf6 7. Nc3 Bd7 8. Be2
Nc6 9. O-O O-O 10. f4 e5 11. Ndb5 exf4 12. Bxf4 Ne8 13. Nxd6 Bxc3 14. bxc3 Nxd6
15. Bxd6 Re8 16. Bf3 Ne5 17. c5 Nc4 18. Qd4 Nxd6 19. cxd6 Bc6 20. e5 Bxf3 21.
Rxf3 Qd7 22. Qd5 b6 23. Raf1 Rf8 24. Rxf7 Rxf7 25. Qxa8+ Kg7 26. Rxf7+ Qxf7 27.
Qc6 Qe6 28. Qc7+ Kh6 29. d7 {Black resigns} 1-0

[Event "Team 45 45 League T34"]
[Site "Internet Chess Club"]
[Date "2007.08.05"]
[Round "3"]
[White "DeepHmm"]
[Black "Gregorio"]
[Result "1/2-1/2"]
[WhiteElo "2160"]
[BlackElo "2116"]
[Opening "Queen's Indian: 4.e3"]
[ECO "E14"]
[Time "09:12:38"]
[TimeControl "2700+45"]

1. d4 Nf6 2. c4 e6 3. Nf3 b6 4. e3 Bb7 5. Bd3 c5 6. O-O Be7 7. Nc3 d5 8. cxd5
exd5 9. Bb5+ Nbd7 10. Ne5 O-O 11. Nc6 Qe8 12. dxc5 Bxc5 13. b4 a6 14. Nd4 Bxb4
15. Bxd7 Qxd7 16. Qb3 Bxc3 17. Qxc3 Rfc8 18. Qb3 b5 19. a4 Ne4 20. axb5 axb5 21.
Rxa8 Rxa8 22. Qxb5 Qxb5 23. Nxb5 Ra2 24. f3 Ba6 25. fxe4 Bxb5 26. Rd1 Bc4 27.
exd5 Bb3 28. Rd3 Ba4 29. Bd2 f5 30. Kf2 Bb5 31. Rd4 Ra4 32. Bb4 Kf7 33. Kf3 Ra2
34. h4 h6 35. g3 Kf6 36. Rd2 Rxd2 37. Bxd2 Ke5 38. Bc3+ Kxd5 39. Bxg7 h5 40. Kf4
Ke6 {Game drawn by mutual agreement} 1/2-1/2

[Event "Team 45 45 League T34"]
[Site "Internet Chess Club"]
[Date "2007.08.09"]
[Round "3"]
[White "baumhauer"]
[Black "achessman"]
[Result "1-0"]
[WhiteElo "2027"]
[BlackElo "2037"]
[Opening "Petrov: classical attack, Jaenisch variation"]
[ECO "C42"]
[Time "09:06:24"]
[TimeControl "2700+45"]

1. e4 e5 2. Nf3 Nf6 3. Nxe5 d6 4. Nf3 Nxe4 5. d4 d5 6. Bd3 Nc6 7. O-O Be7 8. c4
Nb4 9. Be2 O-O 10. Nc3 Be6 11. a3 Nc6 12. cxd5 Bxd5 13. Nxd5 Qxd5 14. Be3 Rad8
15. Qc2 Ng5 16. Rfd1 Qe4 17. Rac1 Qxc2 18. Rxc2 Nxf3+ 19. Bxf3 Bd6 20. Bxc6 bxc6
21. Rxc6 Rb8 22. Rd2 Rb6 23. Rdc2 Rxc6 24. Rxc6 Rb8 25. Rc2 Kf8 26. g3 Ke7 27.
Kg2 Rb3 28. Kf3 Kd7 29. Ke4 a6 30. h4 Rb5 31. Bf4 Bxf4 32. Kxf4 Rb3 33. Ke4 Kd6
34. h5 g6 35. hxg6 hxg6 36. g4 c6 37. g5 Rb5 38. f4 Rb3 39. Rf2 Rb5 40. f5 Ke7
41. fxg6 fxg6 42. Rf6 Kd7 43. Rxg6 Rxb2 44. Rg7+ Kc8 45. Ra7 Rg2 46. Kf5 Rf2+
47. Ke6 Rg2 48. Kf6 Rf2+ 49. Kg7 Rd2 50. Rxa6 Kb7 51. Ra4 Rd3 52. g6 Rf3 53. Kg8
Rf4 54. Rb4+ Ka7 55. g7 Rf3 56. a4 Rf4 57. Kh7 Rh4+ 58. Kg6 Rg4+ 59. Kf6 Rg1 60.
Rc4 Kb7 61. Rc5 {Black resigns} 1-0

[Event "Team 45 45 League T34"]
[Site "Internet Chess Club"]
[Date "2007.08.05"]
[Round "3"]
[White "kabindra"]
[Black "Changuito-77"]
[Result "0-1"]
[WhiteElo "1735"]
[BlackElo "1802"]
[Opening "Scotch gambit: Anderssen (Paulsen, Suhle) counter-attack"]
[ECO "C44"]
[Time "15:03:40"]
[TimeControl "2700+45"]

1. e4 e5 2. Nf3 Nc6 3. d4 exd4 4. Bc4 Bc5 5. O-O d6 6. c3 Bg4 7. Qb3 Bxf3 8.
Bxf7+ Kf8 9. gxf3 Na5 10. Qe6 dxc3 11. Nxc3 Qe7 12. Bxg8 Rxg8 13. Qxe7+ Kxe7 14.
Nd5+ Kd7 15. b4 c6 16. bxc5 cxd5 17. cxd6 Nc4 18. exd5 Kxd6 19. Rd1 Rgf8 20. Kg2
Rae8 21. Rd4 b5 22. Rxc4 bxc4 23. Ba3+ Kxd5 24. Bxf8 Rxf8 25. Rd1+ Ke6 26. Re1+
Kf6 27. Rc1 Rc8 28. Kf1 c3 29. Ke2 Kg5 30. Ke3 c2 31. a4 Kh4 32. Kd2 Kh3 33.
Rxc2 Rxc2+ 34. Kxc2 Kxh2 35. Kd3 Kg2 36. Ke3 h5 37. Kf4 h4 38. Kg5 h3 39. f4 h2
40. f5 h1=Q 41. f4 Qh6+ 42. Kg4 Qf6 43. a5 Kf2 44. a6 Ke3 45. Kh5 Qxf5+ 46. Kh4
Qg6 47. f5 Qxf5 48. Kg3 Qg5+ {White resigns} 0-1

[Event "Team 45 45 League T34"]
[Site "Internet Chess Club"]
[Date "2007.08.07"]
[Round "3"]
[White "livis"]
[Black "Thestorm"]
[Result "1/2-1/2"]
[WhiteElo "2028"]
[BlackElo "2125"]
[Opening "Sicilian: Smith-Morra gambit"]
[ECO "B21"]
[Time "18:03:43"]
[TimeControl "2700+45"]

1. e4 c5 2. d4 cxd4 3. Bd3 d5 4. e5 Nc6 5. f4 Qa5+ 6. Nd2 Nb4 7. Ngf3 Nxd3+ 8.
cxd3 Nh6 9. O-O Nf5 10. Nb3 Qb6 11. Qe2 Bd7 12. Re1 Rc8 13. g4 Ne3 14. Bxe3 dxe3
15. f5 e6 16. fxe6 Bxe6 17. Nfd4 Bb4 18. Rf1 O-O 19. Kh1 Be7 20. Qxe3 Bxg4 21.
Rg1 Bh5 22. Rae1 Bb4 23. Ref1 Bg6 24. Rg3 a5 25. a4 Rce8 26. Qf4 Bc5 27. Nb5 f6
28. Qc1 fxe5 29. Rxf8+ Bxf8 30. Qd2 e4 31. d4 Bd6 32. Nxd6 Qxd6 33. Nxa5 Qf6 34.
Qe3 Qf1+ 35. Qg1 Qa6 36. Nb3 Qxa4 37. Nc5 Qb5 38. h3 Rf8 39. Kh2 b6 40. Ne6 Rf6
41. Ng5 Qxb2+ 42. Rg2 Qc3 43. h4 Rf4 44. Rg4 Rxg4 45. Qxg4 Qc7+ 46. Kg1 Qc6 47.
Qf4 Qf6 48. Qb8+ Qf8 49. Qxb6 Qc8 50. Qd6 Bf7 51. Nxf7 Kxf7 52. Qxd5+ Qe6 53.
Qb7+ Kg6 54. d5 Qg4+ 55. Kf1 Qxh4 56. Qc6+ Qf6+ 57. Ke2 Kf5 58. d6 Ke5 59. Qc5+
Ke6 60. Qc7 Qf3+ 61. Ke1 e3 62. Qc8+ Kxd6 63. Qd7+ Ke5 64. Qxg7+ Kf4 65. Qg5+
{Game drawn by mutual agreement} 1/2-1/2

[Event "Team 45 45 League T34"]
[Site "Internet Chess Club"]
[Date "2007.08.07"]
[Round "3"]
[White "ETwoEFour"]
[Black "Vael"]
[Result "1-0"]
[WhiteElo "2028"]
[BlackElo "1891"]
[Opening "Sicilian defense"]
[ECO "B40"]
[Time "16:01:03"]
[TimeControl "2700+45"]

1. e4 c5 2. Nf3 e6 3. Bd3 Nf6 4. c3 d5 5. e5 Nfd7 6. Bc2 Nc6 7. d4 Qb6 8. O-O
cxd4 9. cxd4 Be7 10. Re1 Nb4 11. Bb3 Nb8 12. Nc3 Bd7 13. a3 N4a6 14. Bc2 Nc6 15.
b4 Nc7 16. Na4 Qa6 17. Nc5 Bxc5 18. Bd3 Nb5 19. dxc5 Nxb4 20. Bf1 Nc6 21. a4 Qa5
22. Bxb5 {Black resigns} 1-0

[Event "Team 45 45 League T34"]
[Site "Internet Chess Club"]
[Date "2007.08.06"]
[Round "3"]
[White "fileman"]
[Black "CoronelCintra"]
[Result "0-1"]
[WhiteElo "1873"]
[BlackElo "1972"]
[Opening "Caro-Kann: advance variation"]
[ECO "B12"]
[Time "14:56:54"]
[TimeControl "2700+45"]

1. e4 c6 2. d4 d5 3. e5 c5 4. dxc5 Nc6 5. Bb5 e6 6. b4 Ne7 7. c3 Bd7 8. Nf3 Nxe5
9. Nxe5 Bxb5 10. a4 Bd7 11. O-O Ng6 12. Nxg6 hxg6 13. Re1 Qc7 14. g3 Be7 15. Bf4
Qc6 16. Nd2 g5 17. Be3 e5 18. Nb3 Qh6 19. Qxd5 Qxh2+ 20. Kf1 Bc6 21. Qxe5 Bf3
{White resigns} 0-1

[Event "Team 45 45 League T34"]
[Site "Internet Chess Club"]
[Date "2007.08.07"]
[Round "3"]
[White "NoiselessBear"]
[Black "Beancounter"]
[Result "1-0"]
[WhiteElo "1839"]
[BlackElo "1716"]
[Opening "Giuoco Piano"]
[ECO "C50"]
[Time "13:57:40"]
[TimeControl "2700+45"]

1. e4 e5 2. Nf3 Nc6 3. Bc4 Bc5 4. O-O Nf6 5. d3 d5 6. exd5 Nxd5 7. c3 Nb6 8. Bb5
Bd6 9. d4 Bd7 10. Bxc6 Bxc6 11. Nxe5 Bxe5 12. dxe5 Qxd1 13. Rxd1 O-O 14. Bf4
Rfe8 15. Nd2 Bd5 16. b3 c6 17. c4 Be6 18. Ne4 Red8 19. Nc5 Rdb8 20. Nxe6 fxe6
21. Rd6 Kf7 22. Rad1 h6 23. Be3 Nc8 24. Rd7+ Kg6 25. c5 b6 26. Rc7 bxc5 27. Bxc5
Nb6 28. Rxc6 Kf5 29. Bd6 Nd5 {Black resigns} 1-0

[Event "Team 45 45 League T34"]
[Site "Internet Chess Club"]
[Date "2007.08.04"]
[Round "3"]
[White "civilization"]
[Black "ADIOKiddo4Ever"]
[Result "1-0"]
[WhiteElo "1494"]
[BlackElo "1400"]
[Opening "Scandinavian (center counter) defense"]
[ECO "B01"]
[Time "19:57:00"]
[TimeControl "2700+45"]

1. e4 d5 2. exd5 Qxd5 3. d4 Nf6 4. Nc3 Qd6 5. Nf3 Bf5 6. Bg5 Nbd7 7. Qd2 e6 8.
Bf4 Qb6 9. Ne5 Bd6 10. O-O-O Rd8 11. h3 c6 12. g4 Be4 13. Nxe4 Nxe4 14. Qe3 Nef6
15. Nc4 Bxf4 16. Qxf4 Qb4 17. a3 Qe7 18. Nd6+ Kf8 19. Nxb7 Rb8 20. Nc5 Rc8 21.
Ba6 Nd5 22. Nxd7+ Qxd7 23. Bxc8 Qxc8 24. Qd6+ Ke8 25. Rd3 Qc7 26. Qxc7 Nxc7 27.
Rb3 Kd7 28. Rb7 a6 29. f4 f6 30. Rf1 f5 31. gxf5 exf5 32. Re1 Kc8 33. Rb6 Kd7
34. Rg1 g6 35. h4 Rg8 36. h5 Ne6 37. Rxa6 Nxf4 38. Ra7+ Kd6 39. Re1 g5 40. Ree7
c5 41. Rad7+ Kc6 42. Rc7+ Kd6 43. dxc5+ Kd5 44. Rxh7 g4 45. h6 g3 46. Rhg7 Rh8
47. h7 g2 48. Rg8 g1=Q+ 49. Rxg1 Ne2+ 50. Kd2 Nxg1 51. b3 f4 52. c4+ Kd4 53. c6
f3 54. Rd7+ Ke4 55. c7 f2 56. Re7+ Kf3 57. Rf7+ Ke4 58. Rxf2 Nf3+ 59. Ke2 Ng1+
60. Kf1 Nf3 61. Rg2 Rf8 62. Re2+ Kd3 63. Rf2 Nd2+ 64. Kg2 Rc8 65. Rf7 Nxb3 66.
Rd7+ Kxc4 67. Rd8 {Black resigns} 1-0

[Event "Team 45 45 League T34"]
[Site "Internet Chess Club"]
[Date "2007.08.04"]
[Round "3"]
[White "johnpawn"]
[Black "g8wrb"]
[Result "0-1"]
[WhiteElo "1296"]
[BlackElo "1508"]
[Opening "Queen's pawn game"]
[ECO "D05"]
[Time "10:02:42"]
[TimeControl "2700+45"]

1. d4 Nf6 2. Nf3 e6 3. e3 d5 4. Ne5 c5 5. c3 Qb6 6. Bd3 Nc6 7. f4 c4 8. Bc2 a5
9. a4 Be7 10. Nd2 Qa6 11. O-O Bd7 12. g4 b5 13. g5 Ng8 14. axb5 Qxb5 15. Nxd7
Kxd7 16. Ba4 Qb6 17. Nf3 Kc7 18. Ne5 Nxe5 19. fxe5 Rf8 20. e4 f6 21. exd5 exd5
22. gxf6 gxf6 23. exf6 Rxf6 24. Qg4 Rg6 25. Bf4+ Kb7 {White resigns} 0-1

[Event "Team 45 45 League T34"]
[Site "Internet Chess Club"]
[Date "2007.08.05"]
[Round "3"]
[White "archae13"]
[Black "reverendjim"]
[Result "1-0"]
[WhiteElo "1300"]
[BlackElo "1266"]
[Opening "Caro-Kann: Steinitz variation"]
[ECO "B17"]
[Time "14:03:55"]
[TimeControl "2700+45"]

1. e4 c6 2. d4 d5 3. Nc3 dxe4 4. Nxe4 Nd7 5. Be2 e6 6. Nf3 Ngf6 7. Bg5 Be7 8.
Nc3 O-O 9. O-O Nd5 10. Ne4 Bxg5 11. Nexg5 h6 12. Ne4 N7f6 13. Bd3 Nxe4 14. Bxe4
Nf6 15. Qd3 Nxe4 16. Qxe4 Qc7 17. Rad1 Bd7 18. Ne5 Rad8 19. Rd3 f6 20. Ng4 f5
21. Nxh6+ gxh6 22. Rg3+ Kh7 23. Qh4 Rg8 24. Rh3 Rg6 25. f4 Rdg8 26. Rff3 Rxg2+
27. Kf1 Rg1+ 28. Ke2 R8g2+ 29. Kd3 Rd1+ 30. Ke3 Re1+ 31. Qxe1 {Black resigns}
1-0

[Event "Team 45 45 League T34"]
[Site "Internet Chess Club"]
[Date "2007.08.03"]
[Round "3"]
[White "cobbler"]
[Black "rpgrossman"]
[Result "1-0"]
[WhiteElo "1197"]
[BlackElo "1077"]
[Opening "Réti: King's Indian attack"]
[ECO "A05"]
[Time "14:01:30"]
[TimeControl "2700+45"]

1. Nf3 Nf6 2. g3 g6 3. Bg2 d5 4. O-O c5 5. d3 Bg7 6. Nbd2 O-O 7. b3 Ne4 8. Nxe4
dxe4 9. Rb1 exf3 10. Bxf3 Nc6 11. Bf4 e5 12. Be3 Nd4 13. Bg2 Qa5 14. a4 Be6 15.
Bxb7 Rad8 16. Bg2 Bd5 17. Bd2 Qc7 18. e4 Be6 19. Rc1 Rb8 20. Rb1 a6 21. c3 Nxb3
22. Be3 Qa5 23. c4 Qxa4 24. Bxc5 Rfc8 25. Bd6 Rb7 26. c5 Rb5 27. Qc2 Bf8 28. Ra1
Qxa1 29. Rxa1 Nxa1 30. Qa4 Bxd6 31. Qxa6 Rb1+ 32. Bf1 Bh3 33. Qxc8+ Kg7 34. Qxh3
Bxc5 35. Qc8 Nb3 36. Qb8 Nd2 37. Qxe5+ Kh6 38. Qxc5 Nxf1 39. Kg2 Nd2 40. Qc2 f5
41. Qxd2+ Kg7 42. e5 Kf7 43. d4 Rb8 44. d5 Rd8 45. d6 Ke6 46. Qd4 h5 47. f4 h4
48. Qc4+ Kd7 49. Qf7+ Kc6 50. Qxg6 hxg3 51. hxg3 {Black resigns} 1-0

[Event "Team 45 45 League T34"]
[Site "Internet Chess Club"]
[Date "2007.08.02"]
[Round "3"]
[White "Just-Jim"]
[Black "littleboo"]
[Result "0-1"]
[WhiteElo "1342"]
[BlackElo "1356"]
[Opening "English opening"]
[ECO "A22"]
[Time "18:00:28"]
[TimeControl "2700+45"]

1. c4 e5 2. Nc3 Nf6 3. d3 d5 4. cxd5 Nxd5 5. Nf3 Nxc3 6. bxc3 Nc6 7. e4 Bc5 8.
Be2 O-O 9. O-O Qd6 10. Nh4 Be6 11. Bg4 Bxg4 12. Qxg4 Qxd3 13. Bh6 g6 14. Bxf8
Kxf8 15. Rab1 b6 16. Rbd1 Qxc3 17. Rd7 Nb4 18. Rfd1 Nxa2 19. Qf3 Qxf3 20. Nxf3
Nc3 21. Re1 Bd6 22. Ng5 Ke8 23. Rxf7 h6 24. Rh7 hxg5 25. Rh8+ Bf8 26. Rg8 Kf7
27. Rh8 a5 28. Rh7+ Bg7 29. Rh3 Nb5 30. Rd3 Ke6 31. g3 Nd4 32. Red1 a4 33. Kg2
b5 34. f4 gxf4 35. gxf4 c5 36. Rg3 exf4 37. Rxg6+ Bf6 38. Re1 Ke5 39. Rc1 c4 40.
h4 a3 41. h5 f3+ 42. Kf2 Nb3 43. Rd1 a2 44. h6 a1=Q 45. Rxa1 Rxa1 46. h7 Rh1 47.
Kxf3 c3 48. Rg8 Nd4+ 49. Ke3 Rh3+ 50. Kf2 Kxe4 51. Re8+ Kd3 {White resigns} 0-1

[Event "Team 45 45 League T34"]
[Site "Internet Chess Club"]
[Date "2007.08.07"]
[Round "3"]
[White "fuzzface"]
[Black "JimGaming"]
[Result "1-0"]
[WhiteElo "1311"]
[BlackElo "1209"]
[Opening "Dutch defense"]
[ECO "A84"]
[Time "13:02:25"]
[TimeControl "2700+45"]

1. d4 f5 2. c4 Nf6 3. Bg5 e6 4. a3 Be7 5. Nc3 O-O 6. Nf3 Nh5 7. h4 Re8 8. e3 h6
9. Bxe7 Rxe7 10. Ne5 Qe8 11. Be2 Nf6 12. h5 d6 13. Ng6 Rf7 14. c5 d5 15. Ne5 Rf8
16. Nb5 Qd8 17. Rc1 c6 18. Nd6 Kh7 19. Bd3 Ne4 20. Bxe4 fxe4 21. Nxc8 Qxc8 22.
Qg4 Qe8 23. Rh3 Rg8 24. Rg3 Nd7 25. Qg6+ Qxg6 26. hxg6+ Kh8 27. Nf7# {Black
checkmated} 1-0